 Dungeon Crawl Stone Soup version 0.30-a0-862-g1aabd4f9c5 (webtiles) character file.

Game seed: 6602904253097059043

1434213 ragingrage the Thanatomancer (level 27, 271/271 HPs)
             Began as a Naga Earth Elementalist on Mar 8, 2023.
             Was a High Priest of Ashenzari.
             Escaped with the Orb
             ... and 3 runes on Mar 9, 2023!
             The game lasted 03:15:14 (99284 turns).

ragingrage the Thanatomancer (NaEE)                Turns: 99284, Time: 03:15:14

Health: 271/271    AC: 47    Str: 10      XL:     27
Magic:  36/46      EV: 14    Int: 30 (32) God:    Ashenzari [*****.]
Gold:   2957       SH:  9    Dex: 20      Spells: 2/64 levels left

rFire   + + .      SeeInvis +    g - +2 dagger of Curses and Power {elec, Comp, Bglg} (curse)
rCold   + + +      Faith    .    K - +1 buckler {rF+}
rNeg    + + +      Spirit   .    H - +4 skin of Zhor {*Englaciate rC+++ SInv, Self, Evo} (curse)
rPois   ∞          Reflect  .    W - +2 helmet {Int+3}
rElec   +          Rampage  .    w - +2 cloak "Bound With Me" {Cun, Bglg} (curse)
rCorr   +          Clarity  +    t - +2 pair of gloves of the Shattered Sun {Cun, Elem} (curse)
Will    +++++                    Q - +6 lightning scales {swift, rElec, Elem, Bglg} (curse)
Stlth   +++                      b - amulet of the Chained Seer {RegenMP, Cun, Self} (curse)
HPRegen 0.65/turn                a - ring of the Cursed Pleiades {rPois rCorr Int+3 Dex+6 SInv, Elem, Alch} (curse)
MPRegen 0.70/turn                G - ring "Shackled Lifelessness" {Will+ AC+4, Self, Bglg} (curse)

@: lich-form, studying Hexes, slow
A: draining attack, torment immunity, no potions, AC +9, large, see invisible,
deformed body, poison resistance, slowness 2, spit poison 1, naga tail 2,
(berserk 1), deterioration 1, dopey 1, fire resistance 1, strong-willed 1
0: Orb of Zot
}: 3/15 runes: barnacled, slimy, gossamer
a: Spit Poison, End Transformation, Renounce Religion, Shatter the Chains


You escaped.
You worshipped Ashenzari.
Ashenzari was extremely pleased with you.
You were an undead lich.
You visited 11 branches of the dungeon, and saw 52 of its levels.
You also visited: Ice Cave and Wizlab.

You collected 7321 gold pieces.
You spent 4364 gold pieces at shops.

Inventory:

Hand Weapons
 g - the cursed +2 dagger of Curses and Power (weapon) {elec, Comp, Bglg}
   (You took it off an orc priest on level 4 of the Dungeon)

   It has a curse which improves the following skills: Companions: Summonings
   and Necromancy.
   Beguiling: Conjurations, Hexes and Translocations.
Missiles
 y - 18 curare-tipped darts
 N - 6 throwing nets
Armour
 t - the cursed +2 pair of gloves of the Shattered Sun (worn) {Cun, Elem}
   (You found it on level 3 of the Dungeon)

   It has a curse which improves the following skills: Cunning: Dodging and
   Stealth.
   Elements:  Fire Magic, Ice Magic, Air Magic and Earth Magic.
 w - the cursed +2 cloak "Bound With Me" (worn) {Cun, Bglg}
   (You found it on level 7 of the Dungeon)

   It has a curse which improves the following skills: Cunning: Dodging and
   Stealth.
   Beguiling: Conjurations, Hexes and Translocations.
 H - the cursed +4 skin of Zhor (worn) {*Englaciate rC+++ SInv, Self, Evo}
   (You found it in an ice cave)

   *Englaciate: It radiates cold, occasionally slowing all nearby creatures who
   are not resistant to cold.
   rC:        It renders you almost immune to cold.
   SInv:      It lets you see invisible.
   It has a curse which improves the following skills: Introspection: Fighting
   and Spellcasting.
   Evocations: Evocations.
 K - a +1 buckler of fire resistance (worn)
 Q - the cursed +6 lightning scales (worn) {swift, rElec, Elem, Bglg}
   (You found it on level 2 of the Spider Nest)

   Swift:     It allows the wearer to cover ground more swiftly.
   rElec:     It insulates you from electricity.
   It has a curse which improves the following skills: Elements: Fire Magic, Ice
   Magic, Air Magic and Earth Magic.
   Beguiling: Conjurations, Hexes and Translocations.
 W - a +2 helmet of intelligence (worn)
Magical Staves
 X - a staff of conjuration
Jewellery
 a - the cursed ring of the Cursed Pleiades (left hand) {rPois rCorr Int+3 Dex+6 SInv, Elem, Alch}
   (You acquired it on level 7 of the Dungeon)

   [ring of dexterity]

   Int:       It affects your intelligence (+3).
   Dex:       It affects your dexterity (+6).
   rPois:     It protects you from poison.
   SInv:      It lets you see invisible.
   rCorr:     It protects you from acid and corrosion.
   It has a curse which improves the following skills: Elements: Fire Magic, Ice
   Magic, Air Magic and Earth Magic.
   Alchemy:   Poison Magic and Transmutations.
 b - the cursed amulet of the Chained Seer (around neck) {RegenMP, Cun, Self}
   (You bought it in a shop on level 3 of the Vaults)

   [amulet of magic regeneration]

   It increases your rate of magic regeneration.
   It has a curse which improves the following skills: Cunning: Dodging and
   Stealth.
   Introspection: Fighting and Spellcasting.
 k - the ring "Veoraic" {Drain +Blink Fly rN+ rCorr Int+3}
   (You took it off a deep elf high priest on level 3 of the Elven Halls)

   [ring of resist corrosion]

   Int:       It affects your intelligence (+3).
   rN:        It protects you from negative energy.
   Fly:       It grants you flight.
   +Blink:    It lets you blink.
   rCorr:     It protects you from acid and corrosion.
   Drain:     It drains your maximum health when unequipped.
 G - the cursed ring "Shackled Lifelessness" (right hand) {Will+ AC+4, Self, Bglg}
   (You found it on level 3 of the Lair of Beasts)

   [ring of protection]

   AC:        It affects your AC (+4).
   Will:      It increases your willpower.
   It has a curse which improves the following skills: Introspection: Fighting
   and Spellcasting.
   Beguiling: Conjurations, Hexes and Translocations.
Wands
 j - a wand of quicksilver (36)
 l - a wand of paralysis (53)
 s - a wand of mindburst (81)
 u - a wand of digging (17)
 z - a wand of iceblast (28)
Scrolls
 c - 2 scrolls of magic mapping
 v - 11 scrolls of fog
 x - 18 scrolls of teleportation
 A - 9 scrolls of fear
 B - 17 scrolls of poison
 I - 13 scrolls of vulnerability
 J - 3 scrolls of blinking
 R - 8 scrolls of immolation
 T - 5 scrolls of enchant armour
 V - a scroll of silence
 Z - 2 scrolls of summoning
Potions
 d - 12 potions of curing
 e - 6 potions of berserk rage
 f - 10 potions of ambrosia
 h - 12 potions of lignification
 i - 8 potions of flight
 m - 13 potions of heal wounds
 n - 9 potions of magic
 q - 9 potions of haste
 C - 10 potions of might
 D - 17 potions of attraction
 E - 3 potions of brilliance
 L - a potion of invisibility
 M - 2 potions of resistance
 S - 8 potions of mutation
 U - 3 potions of cancellation
Miscellaneous
 p - a phantom mirror
 r - a box of beasts
 F - a lightning rod (4/4)
 O - a phial of floods
 P - a tin of tremorstones (1/2)
 Y - a condenser vane


   Skills:
 - Level 16.0(20.4) Fighting
 - Level 10.0 Short Blades
 - Level 11.0 Armour
 - Level 5.2(9.5) Dodging
 - Level 16.7(21.0) Stealth
 - Level 11.8 Shields
 + Level 14.9(19.3) Spellcasting
 - Level 12.1(17.6) Conjurations
 - Level 11.4(13.6) Summonings
 - Level 23.3(25.2) Necromancy
 - Level 9.6(12.0) Transmutations
 - Level 3.9(7.9) Ice Magic
 - Level 1.1(3.6) Air Magic
 - Level 13.6(18.0) Earth Magic
 - Level 8.6(11.0) Poison Magic
 + Level 16.3(18.5) Evocations


You had 2 spell levels left.
You knew the following spells:

 Your Spells              Type           Power      Damage    Failure   Level
a - Spellforged Servitor  Conj/Summ      44%        N/A       1%          7
b - Death Channel         Necr           67%        N/A       0%          6
c - Ozocubu's Armour      Ice            67%        N/A       1%          3
d - Necromutation         Tmut/Necr      59%        N/A       4%          8
e - Irradiate             Conj/Tmut      43%        3d26      1%          5
f - Borgnjor's Vile Clut  Necr/Erth      63%        N/A       0%          5
g - Infestation           Necr           67%        N/A       1%          8
h - Swiftness             Air            50%        N/A       1%          3
i - Death's Door          Necr           67%        N/A       4%          9
k - Passwall              Tmut/Erth      72%        N/A       0%          2
r - Iron Shot             Conj/Erth      47%        9d9       1%          6

Your spell library contained the following spells:

 Spells                   Type           Power      Damage    Failure   Level
 Beastly Appendage        Tmut           100%       N/A       0%          1
 Magic Dart               Conj           100%       1d8       0%          1
 Sandblast                Erth           100%       2d20      0%          1
 Sting                    Tmut/Pois      100%       1d8       0%          1
 Summon Small Mammal      Summ           100%       N/A       0%          1
 Call Imp                 Summ           84%        N/A       0%          2
 Cigotuvi's Dreadful Rot  Necr/Pois/Air  100%       N/A       0%          2
 Sublimation of Blood     Necr           100%       N/A       0%          2
 Wereblood                Tmut           79%        N/A       0%          2
 Apportation              Tloc           68%        N/A       1%          1
 Freeze                   Ice            100%       1d10      1%          1
 Shock                    Conj/Air       100%       1d9       1%          1
 Ensorcelled Hibernation  Hex/Ice        100%       N/A       1%          2
 Poisonous Vapours        Pois/Air       100%       N/A       1%          2
 Call Canine Familiar     Summ           84%        N/A       0%          3
 Stone Arrow              Conj/Erth      100%       3d13      0%          3
 Animate Dead             Necr           100%       N/A       0%          4
 Dispel Undead            Necr           100%       3d31      0%          4
 Agony                    Necr           100%       N/A       0%          5
 Dazzling Flash           Conj/Hex       100%       N/A       1%          3
 Frozen Ramparts          Ice            100%       1d16      1%          3
 Hailstorm                Conj/Ice       81%        3d16      1%          3
 Mephitic Cloud           Conj/Pois/Air  76%        N/A       1%          3
 Spider Form              Tmut/Pois      78%        N/A       1%          3
 Summon Guardian Golem    Hex/Summ       64%        N/A       1%          3
 Vhi's Electric Charge    Tloc/Air       84%        N/A       1%          3
 Animate Armour           Summ/Erth      100%       N/A       1%          4
 Fulminant Prism          Conj/Hex       35%        3d17      1%          4
 Iskenderun's Mystic Bla  Conj/Tloc      71%        2d14      1%          4
 Olgreb's Toxic Radiance  Pois           76%        N/A       1%          4
 Petrify                  Tmut/Erth      87%        N/A       1%          4
 Summon Ice Beast         Ice/Summ       76%        N/A       1%          4
 Summon Lightning Spire   Summ/Air       69%        N/A       1%          4
 Alistair's Intoxication  Tmut/Pois      52%        N/A       1%          5
 Arcjolt                  Conj/Air       37%        1d47      1%          5
 Blade Hands              Tmut           39%        N/A       1%          5
 Freezing Cloud           Conj/Ice/Air   36%        6-21      1%          5
 Lee's Rapid Deconstruct  Erth           47%        3d23*     1%          5
 Lightning Bolt           Conj/Air       37%        1d56      1%          5
 Summon Forest            Summ/Tloc      32%        N/A       1%          5
 Eringya's Noxious Bog    Tmut/Pois      39%        N/A       1%          6
 Simulacrum               Ice/Necr       57%        N/A       1%          6
 Statue Form              Tmut/Erth      58%        N/A       1%          6
 Haunt                    Necr/Summ      60%        N/A       1%          7
 Orb of Destruction       Conj           47%        9d12      1%          7
 Borgnjor's Revivificati  Necr           67%        N/A       1%          8
 Kindle Blastsparks       Fire/Tloc/Air  78%        2d16      2%          3
 Portal Projectile        Hex/Tloc       68%        N/A       3%          3
 Tukima's Dance           Hex            34%        N/A       3%          3
 Airstrike                Air            25%        2d(4-20)  3%          4
 Conjure Ball Lightning   Conj/Air       37%        3x3d12    3%          6
 Summon Hydra             Summ           42%        N/A       4%          7
 Starburst                Conj/Fire      35%        6d10      5%          6
 Metabolic Englaciation   Hex/Ice        26%        N/A       7%          5
 Dragon Form              Tmut           39%        N/A       9%          7
 Silence                  Hex/Air        21%        N/A       17%         5
 Ozocubu's Refrigeration  Ice            33%        4d14      43%         7
 Storm Form               Tmut/Air       33%        N/A       45%         7
 Discord                  Hex            17%        N/A       100%        8
 Disjunction              Tloc           17%        N/A       100%        8
 Maxwell's Capacitive Co  Air            25%        ∞         100%        8


Dungeon Overview and Level Annotations

Branches:
Dungeon (15/15)            Temple (1/1) D:4            Lair (5/5) D:8
 Shoals (4/4) Lair:3       Spider (4/4) Lair:3        Slime (5/5) Lair:5
    Orc (2/2) D:12            Elf (3/3) Orc:2        Vaults (4/5) D:13
  Crypt (0/3) Vaults:2     Depths (4/4) D:15            Zot (5/5) Depths:4
  IceCv (visited)          WizLab (visited)

Altars:
Ashenzari
Cheibriados
Dithmenos
Elyvilon
Fedhas
Gozag
Hepliaklqana
Kikubaaqudgha
Makhleb
Nemelex Xobeh
Okawaru
Qazlal
Ru
Sif Muna
Trog
Uskayaw
Vehumet
Wu Jian
Xom
Yredelemnul
Zin
The Shining One

Shops:
Orc:1 (   Orc:2 [!*=   Elf:1 *   Elf:2 [   Elf:3 *   Vaults:1 (   Vaults:2 !
Vaults:3 =   Depths:3 [*

Portals:
Hell: Depths:1 Depths:2 Depths:3 Depths:4
Abyss: Depths:3 Depths:4
Pandemonium: Depths:2 Depths:3 Depths:4
Ziggurat: Depths:4

Annotations:
D:4 exclusion: downstairs
D:7 exclusion: downstairs
D:11 1 transporter
D:12 exclusion: 3 downstairs
Shoals:3 exclusion: downstairs
Spider:4 3 runed translucent doors, iguanaiguana's ghost, adept AtIE
Elf:2 3 runed translucent doors
Vaults:5 !V5


Innate Abilities, Weirdness & Mutations

You are an undead lich.
Your unarmed attacks are suffused with negative energy.
You are immune to unholy pain and torment.
Your necromantic spells are more powerful.
You cannot drink.
Your serpentine skin is tough. (AC +9)
You have supernaturally acute eyesight. (SInv)
Armour fits poorly on your strangely shaped body.
Your system is resistant to poisons. (rPois)
You cover ground very slowly.
You can spit poison.
You can use your snake-like lower body to constrict enemies.
((You sometimes lose your temper in combat.))
Your body sometimes deteriorates upon taking damage.
You are dopey. (Int -2)
Your flesh is heat resistant. (rF+)
You are strong-willed. (Will+)


Message History

You see here a bat skeleton.
You see here a +0 dagger.
There is a stone staircase leading up here.
You climb upwards.
There is a stone staircase leading down here.
A shadow demon comes into view.
You radiate an aura of cold.
The shadow demon is unaffected.
The iron shot misses the shadow demon.
The iron shot hits the shadow demon!!!
The shadow demon gestures.
The iron shot hits the dart slug!!!
You kill the dart slug!
You radiate an aura of cold.
The shadow demon is unaffected.
The frilled lizard seems to slow down.
The iron shot hits the shadow demon!!
You kill the shadow demon!
(D) Dungeon (T) Temple (L) Lair (A) Shoals (N) Spider Nest (M) Slime Pits (O) Orcish Mines (E) Elven Halls (V) Vaults (C) Crypt (U) Depths (H) Hell (Z) Zot
Where to? (Enter - D:1 @ (x,y), ? - help)
A hellwing and a smoke demon come into view.
A hellwing comes into view.
There is a stone staircase leading up here.
You climb upwards.
There is a stone staircase leading down here.
(D) Dungeon (T) Temple (L) Lair (A) Shoals (N) Spider Nest (M) Slime Pits (O) Orcish Mines (E) Elven Halls (V) Vaults (C) Crypt (U) Depths (H) Hell (Z) Zot
Where to? (Enter - D:1 @ (x,y), ? - help)
Okay, then.
A ynoxinul comes into view.
Aiming: Iron Shot (mildly dangerous; 1% risk of failure)
Aim: a ynoxinul (78% to hit)
The iron shot hits the ynoxinul!!!
You kill the ynoxinul!
Aiming: Iron Shot (mildly dangerous; 1% risk of failure) That beam is likely to hit you.
Continue anyway?
Okay, then.
You enter the shallow water.
Casting: Iron Shot (mildly dangerous; 1% risk of failure)
Your body is suffused with negative energy!
Unknown command.
There is a staircase leading out of the dungeon here.
You have escaped!

.....##.##...###.# ##
.#...##..#.#.# #.####
##...#####.### #.###
....#######.####.##
#.##.....##.#.#.######
#.##.##.####.#####...############
..#...#.####.###..##.##.........#
...{....#∩##~~..###..##.#######.#
......####..~~##L#.....(### #.#
...#..##..###.####........# #.#
####....#####.###########.#####.#
#.#######.#.####.............#
#.# ### ###.####.#####.#####.#
#.#### ##.###.# #.# #.# #.###
##.#########.#####.# #.## #..#
#...)......##.. ####.# #.##
#..#######.##.#


There were no monsters in sight!

Vanquished Creatures
  A dread lich (Zot:5)
  4 ancient liches (Zot:5)
  4 orbs of fire
  A juggernaut (Depths:4)
  A royal mummy (WizLab)
  Vv (Depths:3)
  Boris (twice) (Vaults:4 Depths:2)
  2 Killer Klowns (Zot:5)
  A shard shrike (IceCv)
  8 golden dragons
  Arachne (Spider:1)
  2 Tzitzimimeh
  An electric golem (Zot:5)
  A pandemonium lord (Depths:4)
  Zenata (Vaults:1)
  10 tentacled monstrosities
  A titan (Zot:3)
  5 quicksilver dragons
  3 deep elf blademasters (Elf:3)
  13 Orb Guardians
  3 liches
  Asterion (Spider:3)
  2 deep elf master archers (Elf:3)
  9 acid blobs
  7 death cobs
  4 sphinxes
  Agnes (Spider:3)
  Kirke (Lair:4)
  2 krakens
  Gastronok (D:9)
  Donald (Spider:4)
  4 shadow dragons
  6 storm dragons
  2 draconian monks (Zot:1)
  2 rockslimes (Slime:5)
  Ilsuiw (Shoals:2)
  4 frost giants
  5 draconian knights
  A draconian scorcher (Zot:3)
  3 vault wardens
  Louise (Spider:4)
  5 ghost moths
  3 fire giants
  2 balrugs (Depths:3)
  2 emperor scorpions
  An orc warlord (Vaults:2)
  6 deep elf sorcerers (Elf:3)
  A caustic shrike zombie (WizLab)
  4 reapers
  8 ironbound preservers
  3 draconian stormcallers
  3 broodmothers
  5 deep elf elementalists (Elf:3)
  4 draconian shifters
  A cacodemon (Depths:2)
  2 quicksilver oozes
  3 draconian annihilators
  A war gargoyle (Vaults:3)
  The ghost of Airmonger the Destroyer, a journeyman DsCj of Vehumet (Spider:1)
  10 stone giants
  3 vampire knights
  13 very ugly things
  10 deep elf annihilators (Elf:3)
  6 ironbound thunderhulks
  8 green draconians
  5 black draconians
  2 purple draconians
  9 red draconians
  7 deep elf demonologists
  Azrael (D:13)
  4 yellow draconians
  2 dire elephants
  6 white draconians
  A spark wasp (shapeshifter) (D:14)
  A lorocyproca (Depths:1)
  5 spark wasps
  9 ettins
  5 deep elf death magi (Elf:3)
  8 merfolk javelineers
  5 merfolk impalers
  7 entropy weavers
  5 great orbs of eyes
  12 deep elf high priests
  3 fire dragons
  A rakshasa (D:14)
  6 yaktaur captains
  6 ice dragons
  Harold (D:9)
  7 hydras
  Erolcha (D:13)
  A salamander tyrant (Depths:3)
  A catoblepas (Lair:5)
  The ghost of Riblid the Cruncher, a journeyman DsGl of Uskayaw (D:12)
  6 boulder beetles
  3 merfolk avatars
  A spriggan air mage (Depths:3)
  6 ogre magi
  A hell beast (Depths:2)
  10 centaur warriors
  12 ironbound frosthearts
  4 merfolk aquamancers
  24 two-headed ogres
  A peacekeeper (Vaults:3)
  15 dancing weapons
  The ghost of OTABOTABOTAB the Skirmisher, a journeyman KoHu of Dithmenos (Orc:2)
  6 radroaches
  A satyr (Shoals:3)
  2 spriggan berserkers
  A vampire mage (Depths:2)
  2 deep troll earth magi
  3 deep troll shamans
  5 tengu warriors
  21 death yaks
  3 soul eaters
  5 hell knights (Depths:3)
  An orc high priest (Orc:2)
  Urug (D:10)
  3 skysharks
  12 deep elf knights
  4 skeletal warriors (D:13)
  8 pharaoh ants
  2 iron trolls
  3 sixfirhies (Depths:2)
  7 orb spiders
  A sea snake (shapeshifter) (Vaults:3)
  Amaemon (Lair:3)
  8 deep elf archers (Elf:1)
  2 sun moths (Spider:4)
  36 deep trolls
  An obsidian statue (Depths:2)
  A glowing orange brain (Depths:3)
  11 ironbound convokers
  2 orange crystal statues
  3 phantasmal warriors
  8 wizards
  9 steelbarb worms
  A shadow demon (D:2)
  30 deep elf zephyrmancers
  4 orc knights
  Pikel (D:8)
  8 sea snakes
  2 lindwurms (Vaults:3)
  2 necromancers
  19 deep elf pyromancers
  A mana viper (shapeshifter) (Depths:3)
  17 harpies
  31 ugly things
  2 orc sorcerers (Elf:1)
  A fire giant zombie (WizLab)
  7 wolf spiders
  A frost giant zombie (WizLab)
  11 cyclopes
  11 manticores
  An eye of devastation (Slime:4)
  14 elephants
  10 water nymphs
  33 moths of wrath
  8 merfolk sirens
  A rust devil (Depths:2)
  Maurice (D:8)
  An ice statue (Lair:3)
  2 black mambas
  8 vault sentinels
  10 demonic crawlers
  3 orange demons
  4 torpor snails
  A gargoyle (D:10)
  A hellion (D:8)
  2 unseen horrors
  3 freezing wraiths (D:15)
  Maggie (D:9)
  17 cane toads
  2 efreet
  21 rime drakes
  A nameless horror (Vaults:1)
  A kobold demonologist (D:14)
  A tengu conjurer (Depths:4)
  7 komodo dragons
  4 guardian mummies (WizLab)
  25 yaktaurs
  A red devil (Depths:2)
  9 trolls
  19 merfolk
  A polar bear (shapeshifter) (D:14)
  A queen bee (shapeshifter) (D:15)
  4 ice devils
  25 polar bears
  9 wind drakes
  14 meliai
  2 hellwings
  14 tarantellas
  8 blink frogs (Lair:1)
  3 dream sheep (Shoals:2)
  3 hornets
  10 snapping turtles
  A wolf spider simulacrum (D:15)
  Prince Ribbit (D:5)
  Grinder (D:6)
  An ettin zombie (WizLab)
  35 slime creatures
  18 jumping spiders
  20 culicivoras
  5 air elementals
  3 spriggan zombies (WizLab)
  19 water elementals
  4 wraiths
  2 vampires
  4 spriggans
  2 wyverns
  A ynoxinul (D:1)
  2 shadows
  59 yaks
  6 steam dragons
  6 fire elementals
  6 basilisks
  3 hogs (Lair:4)
  16 humans
  Grum (D:8)
  A human (shapeshifter) (D:13)
  A basilisk (shapeshifter) (D:15)
  13 vampire mosquitoes
  36 redbacks
  2 human zombies (WizLab)
  Menkaure (D:6)
  3 neqoxecs
  3 wargs
  An acid dragon (D:13)
  2 glowing shapeshifter zombies (WizLab)
  16 water moccasins
  A hell hound (D:13)
  A floating eye (shapeshifter) (Vaults:4)
  4 ice beasts
  A meliai simulacrum (D:15)
  A black bear (shapeshifter) (D:15)
  19 orc warriors
  3 black bears
  9 wolves
  A boggart (Elf:3)
  32 ogres
  14 centaurs
  4 phantoms
  Blork the orc (D:6)
  3 kobold brigands
  11 bullfrogs
  4 earth elementals
  2 scorpions
  2 gnoll sergeants
  A troll zombie (D:12)
  A raiju zombie (WizLab)
  8 killer bees
  An electric eel (Spider:1)
  3 vampire bats (D:10)
  7 howler monkeys
  18 orc priests
  A hound (D:6)
  11 jellies
  A sleepcap (D:6)
  An iron imp (D:5)
  4 iguanas
  Terence (D:2)
  15 orc wizards
  Natasha (thrice) (D:2)
  4 hell rats (Lair:1)
  5 ogre zombies (D:12)
  Robin (D:3)
  13 gnolls
  12 adders
  2 shadow imps (D:5)
  3 white imps
  2 ufetubi
  2 worms
  7 dart slugs
  79 orcs
  3 bats
  4 bat skeletons (D:10)
  A bat zombie (D:10)
  7 endoplasms
  2 giant cockroaches
  14 hobgoblins
  9 jackals
  16 kobolds
  3 quokkas
  3 ball pythons
  5 frilled lizards
  13 goblins
  2 goblin skeletons (D:12)
  4 goblin zombies (D:12)
  A hobgoblin skeleton (D:12)
  A hobgoblin zombie (D:12)
  5 orc skeletons (D:12)
  6 orc zombies (D:12)
  9 rats
  3 tentacles
1788 creatures vanquished.

Vanquished Creatures (collateral kills)
  Dissolution (Slime:3)
  the Royal Jelly (Slime:5)
  A dread lich (Zot:5)
  A pandemonium lord (D:8)
  A golden dragon (Zot:3)
  A bone dragon (Depths:4)
  A hellephant (Depths:3)
  2 tentacled monstrosities (Zot:3)
  An electric golem (Zot:5)
  14 Orb Guardians (Zot:5)
  7 acid blobs
  A sphinx (Depths:4)
  An Executioner (Zot:4)
  A death cob (Zot:1)
  3 storm dragons
  A shadow dragon (Depths:4)
  3 frost giants
  A rockslime (Slime:5)
  A deep elf sorcerer (Elf:3)
  4 draconian monks
  3 draconian knights
  4 fire giants
  8 azure jellies (Slime:5)
  3 draconian scorchers
  A balrug (Depths:2)
  A vault warden (Vaults:4)
  3 draconian stormcallers
  3 draconian annihilators (Zot:1)
  12 very ugly things
  3 stone giants (Zot:3)
  6 ironbound preservers
  2 reapers (Depths:2)
  3 quicksilver oozes (Slime:5)
  2 vampire knights
  5 green draconians
  8 black draconians
  A deep elf demonologist (Depths:4)
  2 red draconians
  2 purple draconians (Zot:1)
  3 yellow draconians
  7 dire elephants (Vaults:1)
  The ghost of iguanaiguana the Spear-Bearer, a journeyman FoHs of Okawaru (Orc:2)
  5 white draconians
  4 ettins
  A blizzard demon (Depths:4)
  2 merfolk javelineers
  5 yaktaur captains
  A mummy priest (WizLab)
  5 fire dragons
  3 merfolk impalers
  A vault guard (Vaults:4)
  An entropy weaver (Vaults:2)
  3 great orbs of eyes
  2 ice dragons
  3 boulder beetles
  6 two-headed ogres
  A death knight (D:15)
  A catoblepas (D:11)
  A centaur warrior (D:11)
  2 deep troll earth magi
  2 tengu warriors
  8 deep troll shamans
  A spriggan berserker (Depths:2)
  A spriggan (Depths:4)
  6 hell knights (Depths:3)
  A soul eater (Depths:2)
  4 sun demons
  3 sixfirhies
  A pharaoh ant (Spider:4)
  5 iron trolls
  31 deep trolls
  A sea snake (shapeshifter) (Depths:4)
  A steelbarb worm (Spider:4)
  A harpy (Shoals:4)
  3 phantasmal warriors
  3 lindwurms
  3 ironbound convokers
  5 necromancers
  2 orc knights (Vaults:2)
  7 ugly things
  A deep elf pyromancer (D:15)
  A manticore (D:15)
  A cyclops (D:15)
  A shining eye (Slime:4)
  6 vault sentinels
  9 moths of wrath
  2 merfolk sirens (Shoals:2)
  A gargoyle (D:11)
  A yaktaur zombie (WizLab)
  4 smoke demons
  A hellion (Depths:2)
  An eye of devastation (Slime:2)
  A freezing wraith (Vaults:1)
  2 tengu conjurers (Depths:4)
  An efreet (Depths:2)
  8 yaktaurs
  A komodo dragon (D:11)
  An ice devil (Depths:4)
  A red devil (Depths:2)
  4 trolls
  A hellwing (Depths:2)
  A meliai (D:15)
  A polar bear (D:12)
  A hornet (Depths:4)
  2 merfolk (Shoals:4)
  A snapping turtle (Shoals:4)
  A ynoxinul (Depths:3)
  45 slime creatures
  A vampire (D:10)
  2 water elementals
  A wyvern (D:10)
  A shadow (D:11)
  A wraith (Vaults:2)
  2 fire elementals (D:13)
  A vampire mosquito (D:15)
  2 neqoxecs
  2 redbacks (Spider:3)
  A sky beast (shapeshifter) (D:15)
  A boggart (D:12)
382 creatures vanquished.

Vanquished Creatures (others)
  A red draconian (Zot:3)
  A wizard (Elf:3)
  A deep elf zephyrmancer (Elf:2)
  A yaktaur (Vaults:2)
  A water elemental (Elf:1)
  A chaos spawn (Depths:2)
  A bush (Lair:5)
  A butterfly (D:13)
  58 fungi
  166 plants
  9 tentacles
241 creatures vanquished.

Grand Total: 2411 creatures vanquished

Notes
Turn   | Place    | Note
-------+----------+-------------------------------------------
     0 | D:1      | ragingrage the Naga Earth Elementalist began the quest for
                  | the Orb.
     0 | D:1      | Reached XP level 1. HP: 15/15 MP: 3/3
   231 | D:1      | Reached XP level 2. HP: 22/22 MP: 3/5
   601 | D:1      | Reached XP level 3. HP: 26/28 MP: 1/6
  1380 | D:2      | Reached XP level 4. HP: 36/36 MP: 5/7
  1671 | D:2      | Noticed Terence
  1716 | D:2      | Noticed Natasha
  1724 | D:2      | Killed Natasha
  1740 | D:2      | Noticed Natasha
  1747 | D:2      | Killed Natasha
  1748 | D:2      | Reached skill level 5 in Earth Magic
  1748 | D:2      | Reached XP level 5. HP: 37/42 MP: 4/8
  1751 | D:2      | Learned a level 2 spell: Passwall
  1755 | D:2      | Learned a level 3 spell: Stone Arrow
  1924 | D:2      | Noticed Natasha
  1929 | D:2      | Killed Natasha
  2233 | D:3      | Reached skill level 1 in Conjurations
  2407 | D:3      | Noticed Robin
  3135 | D:2      | Killed Terence
  3259 | D:3      | Learned a level 2 spell: Wereblood
  3284 | D:3      | Killed Robin
  3285 | D:3      | Reached XP level 6. HP: 49/49 MP: 3/9
  3611 | D:3      | Found a burning altar of Makhleb.
  3810 | D:3      | Found a glowing golden altar of the Shining One.
  4000 | D:4      | Noticed an orc warrior
  4181 | D:4      | Reached XP level 7. HP: 46/55 MP: 4/10
  4322 | D:4      | Found a bloodstained altar of Trog.
  4366 | D:4      | Found a staircase to the Ecumenical Temple.
  4373 | Temple   | Entered the Ecumenical Temple
  4545 | Temple   | Became a worshipper of Elyvilon the Healer
  4903 | D:4      | Found an ornate altar of the Wu Jian Council.
  5355 | D:5      | Entered Level 5 of the Dungeon
  5360 | D:5      | Reached * piety under Elyvilon
  5755 | D:5      | Noticed a yak
  5757 | D:5      | Noticed a yak
  5782 | D:5      | Noticed a yak
  5804 | D:5      | Killed a yak
  5805 | D:5      | Reached skill level 5 in Stealth
  5805 | D:5      | Reached XP level 8. HP: 50/62 MP: 6/12
  5884 | D:5      | Learned a level 4 spell: Petrify
  6414 | D:5      | Killed a yak
  6517 | D:5      | Found a hide-covered altar of Uskayaw.
  6517 | D:5      | Noticed a +0 spear
  6517 | D:5      | Noticed a +0 dagger
  6518 | D:5      | Noticed a +0 short sword
  6520 | D:5      | Noticed a +0 falchion
  6520 | D:5      | Noticed a +0 spear
  6520 | D:5      | Noticed a +0 falchion
  6521 | D:5      | Noticed a +0 short sword
  6522 | D:5      | Noticed a +0 dagger
  6556 | D:5      | Reached skill level 5 in Conjurations
  6658 | D:5      | Found a broken altar of Ashenzari.
  6663 | D:5      | Fell from the grace of Elyvilon
  6663 | D:5      | Became a worshipper of Ashenzari the Shackled
  6706 | D:5      | Reached skill level 1 in Short Blades
  7397 | D:5      | Found a snail-covered altar of Cheibriados.
  7567 | D:5      | Killed a yak
  7692 | D:6      | Reached XP level 9. HP: 62/68 MP: 8/13
  7746 | D:6      | Noticed Menkaure
  7746 | D:6      | Noticed Blork the orc
  7755 | D:6      | Killed Blork the orc
  7756 | D:6      | Killed Menkaure
  8089 | D:6      | Noticed Grinder
  8089 | D:6      | Noticed Prince Ribbit
  8176 | D:5      | Killed Prince Ribbit
  8236 | D:6      | Killed Grinder
  9084 | D:7      | Reached * piety under Ashenzari
  9084 | D:7      | Identified a scroll of acquirement
  9085 | D:7      | Acquired the ring "Doff" {rPois rCorr Int+3 Dex+6 SInv}
  9155 | D:7      | Found a faded altar of an unknown god.
  9157 | D:7      | Found a hazy altar of Hepliaklqana.
  9289 | D:8      | Noticed Grum
  9304 | D:8      | Noticed Maurice
  9417 | D:7      | Reached skill level 5 in Short Blades
  9417 | D:7      | Reached XP level 10. HP: 55/75 MP: 14/17
  9488 | D:7      | Reached skill level 5 in Spellcasting
  9855 | D:8      | Reached skill level 1 in Fighting
  9915 | D:8      | Found a staircase to the Lair.
 10074 | D:8      | Reached ** piety under Ashenzari
 10139 | D:8      | Noticed a two-headed ogre
 10145 | D:8      | Killed a two-headed ogre
 10405 | D:8      | Killed Grum
 10451 | D:8      | Noticed Pikel
 10461 | D:8      | Killed Pikel
 10592 | D:8      | Killed Maurice
 10698 | D:8      | Learned a level 5 spell: Borgnjor's Vile Clutch
 10780 | D:8      | Found a sparkling altar of Nemelex Xobeh.
 10785 | D:8      | Learned a level 3 spell: Ozocubu's Armour
 11062 | D:9      | Reached skill level 1 in Necromancy
 11167 | D:9      | Noticed Gastronok
 11390 | D:9      | Reached skill level 10 in Stealth
 11395 | D:9      | Reached XP level 11. HP: 74/91 MP: 12/20
 11397 | D:9      | Reached skill level 2 in Necromancy
 11501 | D:9      | Noticed Harold
 11512 | D:9      | Killed Harold
 11570 | D:9      | Found a basalt altar of Yredelemnul.
 11577 | D:9      | Reached skill level 3 in Necromancy
 11591 | D:9      | Found an opulent altar of Gozag.
 11593 | D:9      | Found a blossoming altar of Fedhas.
 11593 | D:9      | Noticed Maggie
 11599 | D:9      | Found a sacrificial altar of Ru.
 11615 | D:9      | Killed Maggie
 12083 | D:10     | Entered Level 10 of the Dungeon
 12106 | D:10     | Found a shimmering blue altar of Sif Muna.
 12134 | D:10     | Noticed Urug
 12200 | D:10     | Noticed a two-headed ogre
 12207 | D:10     | Killed a two-headed ogre
 12208 | D:10     | Reached skill level 5 in Fighting
 12208 | D:10     | Reached skill level 4 in Necromancy
 12300 | D:10     | Found a radiant altar of Vehumet.
 12325 | D:10     | Found an ancient bone altar of Kikubaaqudgha.
 12925 | Lair:1   | Entered Level 1 of the Lair of Beasts
 12985 | Lair:1   | Reached skill level 1 in Evocations
 13135 | Lair:1   | Reached skill level 5 in Necromancy
 13212 | Lair:1   | Reached *** piety under Ashenzari
 13626 | Lair:1   | Reached skill level 5 in Evocations
 13635 | Lair:1   | Reached XP level 12. HP: 99/106 MP: 1/23
 14244 | Lair:1   | Reached **** piety under Ashenzari
 14414 | Lair:2   | Found a broken altar of Ashenzari.
 15109 | Lair:2   | Reached skill level 1 in Armour
 16626 | Lair:3   | Reached skill level 6 in Necromancy
 16641 | Lair:3   | Noticed Amaemon
 16790 | Lair:3   | Killed Amaemon
 17040 | Lair:3   | Reached skill level 1 in Ice Magic
 17619 | Lair:3   | Identified the ring "Tucs" {Will+ AC+4}
 17656 | Lair:3   | Learned a level 6 spell: Iron Shot
 17676 | Lair:3   | Found a hole to the Spider Nest.
 17795 | Lair:3   | Gained mutation: You can use your snake-like lower body to
                  | constrict enemies. [Naga growth]
 17795 | Lair:3   | Reached XP level 13. HP: 118/118 MP: 18/25
 18016 | Lair:3   | Found a staircase to the Shoals.
 18428 | Lair:3   | Identified the ring of Maont {rC- rN+ Str+3 Int+4}
 18904 | Lair:4   | Reached skill level 7 in Necromancy
 19241 | Lair:4   | Reached skill level 10 in Earth Magic
 19779 | Lair:5   | Entered Level 5 of the Lair of Beasts
 21159 | Lair:5   | Reached skill level 8 in Necromancy
 21657 | Lair:5   | Found a staircase to the Slime Pits.
 22569 | Lair:5   | Reached XP level 14. HP: 132/132 MP: 9/26
 22579 | Lair:5   | Noticed a dire elephant
 22635 | Lair:5   | Reached skill level 9 in Necromancy
 23503 | Lair:4   | Reached skill level 5 in Armour
 25086 | Lair:5   | Killed a dire elephant
 25614 | Lair:4   | Noticed Kirke
 26231 | D:9      | Found a basalt altar of Yredelemnul.
 26267 | D:9      | Found an opulent altar of Gozag.
 26267 | D:9      | Found a sacrificial altar of Ru.
 26278 | D:9      | Found a blossoming altar of Fedhas.
 26948 | D:11     | Found a transporter.
 26954 | D:11     | Found a transporter.
 26969 | D:11     | Found a transporter.
 26985 | D:11     | Found a transporter.
 27257 | D:11     | Found a transporter.
 28178 | D:12     | Learned a level 5 spell: Lee's Rapid Deconstruction
 28732 | D:12     | Reached XP level 15. HP: 138/138 MP: 13/28
 28809 | D:12     | Found a staircase to the Orcish Mines.
 29123 | D:12     | Found a runed translucent door.
 29126 | D:12     | Noticed Riblid's ghost (journeyman DsGl)
 29130 | D:12     | Identified the +8 spear of Defenestration {flame, Fly rElec
                  | Str-2 Stlth+}
 30533 | D:13     | Found a white marble altar of Elyvilon.
 30948 | D:7      | Reached ***** piety under Ashenzari
 30954 | D:7      | Learned a level 4 spell: Olgreb's Toxic Radiance
 31183 | D:13     | Reached skill level 1 in Poison Magic
 31339 | D:13     | Reached skill level 1 in Shields
 31345 | D:13     | Noticed Erolcha
 31663 | D:13     | Found a gate to the Vaults.
 31677 | D:13     | Killed Erolcha
 32628 | Orc:1    | Entered Level 1 of the Orcish Mines
 33105 | Orc:1    | Found Meappahar's Weapon Emporium.
 33164 | Orc:2    | Entered Level 2 of the Orcish Mines
 33299 | Orc:2    | Found a staircase to the Elven Halls.
 33938 | Orc:2    | Found a runed translucent gate.
 33938 | Orc:2    | Found a runed translucent gate.
 33938 | Orc:2    | Found a runed translucent gate.
 33972 | Orc:2    | Noticed OTABOTABOTAB's ghost (journeyman KoHu)
 33972 | Orc:2    | Noticed iguanaiguana's ghost (journeyman FoHs)
 34639 | Orc:2    | Reached skill level 5 in Poison Magic
 35688 | Orc:2    | Reached XP level 16. HP: 154/154 MP: 13/33
 35920 | Orc:2    | Found Tadeku's Armour Shop.
 35920 | Orc:2    | Found Tyethul's Distillery.
 35921 | Orc:2    | Found Baclibru's Assorted Antiques.
 35921 | Orc:2    | Found Eblu Fogh's Jewellery Boutique.
 36018 | Orc:2    | Bought a potion of haste for 160 gold pieces
 36018 | Orc:2    | Bought a potion of heal wounds for 80 gold pieces
 36020 | Orc:2    | Bought a transparent scale mail for 279 gold pieces
 36020 | Orc:2    | Identified the +0 scale mail of Hepliaklqana {+Inv rN++
                  | Int-4 SInv} (You bought it in a shop on level 2 of the
                  | Orcish Mines)
 36023 | Orc:2    | Bought an amulet of regeneration for 390 gold pieces
 36278 | Orc:2    | Learned a level 6 spell: Death Channel
 36479 | Spider:1 | Entered Level 1 of the Spider Nest
 37725 | Spider:1 | Found a runed translucent door.
 37728 | Spider:1 | Noticed Airmonger's ghost (journeyman DsCj)
 38452 | Spider:2 | Noticed Arachne
 38657 | Spider:1 | Killed Arachne
 38933 | Spider:2 | Reached skill level 5 in Shields
 39002 | Spider:2 | Found a frozen archway.
 39011 | IceCv    | Entered an ice cave
 39499 | IceCv    | Reached skill level 10 in Necromancy
 39794 | IceCv    | Found the +4 skin of Zhor {*Englaciate rC+++ SInv}
 41393 | IceCv    | Noticed a shard shrike
 41397 | IceCv    | Killed a shard shrike
 41398 | IceCv    | Reached XP level 17. HP: 139/162 MP: 10/34
 42112 | Spider:2 | Reached skill level 11 in Necromancy
 42327 | Spider:2 | Found the +6 lightning scales {swift, rElec}
 43251 | Spider:3 | Identified the +0 helmet of the Old and Reckless {Int+4}
 44073 | Spider:3 | Learned a level 5 spell: Irradiate
 44087 | Spider:3 | Noticed Asterion
 44094 | Spider:3 | Killed Asterion
 44120 | Spider:3 | Noticed Agnes
 44126 | Spider:3 | Killed Agnes
 44763 | Spider:4 | Entered Level 4 of the Spider Nest
 44826 | Spider:4 | Noticed Donald
 44968 | Spider:4 | Killed Donald
 45518 | Spider:4 | Found a runed translucent gate.
 45519 | Spider:4 | Found a runed translucent gate.
 45520 | Spider:4 | Found a runed translucent gate.
 45521 | Spider:4 | Noticed iguanaiguana's ghost (adept AtIE)
 45576 | Spider:4 | Reached skill level 10 in Short Blades
 45956 | Spider:4 | Reached skill level 5 in Transmutations
 46663 | Spider:4 | Noticed Louise
 46671 | Spider:4 | Killed Louise
 47487 | Spider:4 | Got a gossamer rune of Zot
 47724 | Spider:4 | Reached skill level 10 in Conjurations
 48261 | Shoals:1 | Entered Level 1 of the Shoals
 48441 | Shoals:1 | Reached XP level 18. HP: 170/170 MP: 23/35
 50037 | Shoals:2 | Reached skill level 10 in Evocations
 50291 | Shoals:2 | Noticed Ilsuiw
 50308 | Shoals:2 | Killed Ilsuiw
 53107 | Shoals:4 | Entered Level 4 of the Shoals
 54783 | Shoals:4 | Reached skill level 10 in Fighting
 55874 | Shoals:4 | Identified Even More Sorcery
 56115 | Shoals:4 | Got a barnacled rune of Zot
 56382 | Elf:1    | Entered Level 1 of the Elven Halls
 56554 | Elf:1    | Reached XP level 19. HP: 183/183 MP: 24/35
 56854 | Elf:1    | Identified the +1 quick blade of the Sage {elec, Will+}
 56904 | Elf:1    | Paralysed by an air elemental for 1 turns
 57891 | Elf:1    | Reached skill level 10 in Shields
 58165 | Elf:1    | Found Alylig's Assorted Antiques.
 58171 | Elf:1    | Bought a potion of magic for 128 gold pieces
 59109 | Elf:1    | Found the +2 hood of the Assassin {Detect Stab+ Stlth++}
 59110 | Elf:1    | Noticed an Ice Fiend
 59784 | Elf:1    | Found a runed translucent gate.
 59784 | Elf:1    | Found a runed translucent gate.
 59784 | Elf:1    | Found a runed translucent gate.
 59784 | Elf:1    | Found a runed translucent gate.
 59784 | Elf:1    | Found a runed translucent gate.
 59786 | Elf:1    | Found a runed translucent gate.
 59795 | Elf:1    | Reached XP level 20. HP: 194/194 MP: 27/36
 59796 | Elf:1    | Reached XP level 21. HP: 204/204 MP: 27/37
 59958 | Elf:2    | Found a magical portal.
 60078 | WizLab   | Entered Doroklohe's Tomb
 60445 | WizLab   | Noticed a royal mummy
 60456 | WizLab   | Killed a royal mummy
 60951 | WizLab   | Identified the +0 leather armour of Pausior {Int+2}
 61097 | Elf:2    | Found Odgheb's Antique Armour Emporium.
 61106 | Elf:2    | Bought a scorched buckler for 323 gold pieces
 61106 | Elf:2    | Identified the +2 buckler of Day {rElec Int+3} (You bought
                  | it in a shop on level 2 of the Elven Halls)
 61106 | Elf:2    | Bought an ancient ring mail for 306 gold pieces
 61106 | Elf:2    | Identified the +1 ring mail of the Shining Light {Int+2}
                  | (You bought it in a shop on level 2 of the Elven Halls)
 61721 | Elf:2    | Found a runed translucent gate.
 61721 | Elf:2    | Found a runed translucent gate.
 61721 | Elf:2    | Found a runed translucent gate.
 61947 | Elf:3    | Entered Level 3 of the Elven Halls
 63220 | Elf:3    | Found Pant's General Store.
 63224 | Elf:3    | Bought a book of Dangerous Friends for 760 gold pieces
 63505 | Elf:3    | Reached skill level 1 in Summonings
 64131 | Elf:3    | Identified the +7 executioner's axe of Keyrempu {pain,
                  | rElec rC++} (You took it off a deep elf death mage on level
                  | 3 of the Elven Halls)
 65103 | Elf:3    | Identified the +1 long sword of the Ecumenical Temple
                  | {pain, Dex+2}
 65103 | Elf:3    | Identified the +3 ring mail of Recklessness {Drain Fly
                  | rElec rF++}
 65103 | Elf:3    | Identified the ring of Ticaibin {Ice Will+ Str+4 Int+2
                  | SInv}
 65107 | Elf:3    | Reached skill level 15 in Fighting
 65158 | Elf:3    | Reached XP level 22. HP: 195/222 MP: 1/38
 65367 | Elf:3    | Identified the ring "Veoraic" {Drain +Blink Fly rN+ rCorr
                  | Int+3}
 66647 | Elf:3    | Identified the amulet of Simusoir {Spirit rN+}
 66648 | Elf:3    | Reached skill level 5 in Summonings
 66937 | Elf:3    | Identified the +5 chain mail of Fuarummoosk {rPois rCorr
                  | Str-3}
 67021 | Elf:3    | Identified the ring "Depamigo" {Fire *Slow +Blink rN+}
 67110 | Elf:3    | Identified the +0 longbow "ragingrage's Curse" {drain,
                  | +Blink rPois Dex+6 Stlth-}
 67182 | Elf:3    | Learned a level 7 spell: Spellforged Servitor
 67456 | Vaults:1 | Entered Level 1 of the Vaults
 68114 | Vaults:1 | Noticed Zenata
 68123 | Vaults:1 | Killed Zenata
 69489 | Vaults:1 | Found Irov's Antique Weapon Emporium.
 70119 | Vaults:2 | Reached skill level 10 in Summonings
 71306 | Vaults:2 | Reached ****** piety under Ashenzari
 71508 | Vaults:2 | Found a staircase to the Crypt.
 71534 | Vaults:2 | Reached XP level 23. HP: 190/240 MP: 11/41
 72024 | Vaults:2 | Found Tecaiga's Distillery.
 72034 | Vaults:2 | Bought a potion of heal wounds for 70 gold pieces
 72034 | Vaults:2 | Bought a potion of haste for 140 gold pieces
 72757 | Vaults:3 | Identified the +2 lajatang of the Nine Portals {flame, rN+
                  | Str+2 Dex+3}
 73074 | Vaults:3 | Reached skill level 5 in Dodging
 73136 | Vaults:3 | Reached skill level 12 in Necromancy
 74073 | Vaults:3 | Reached skill level 15 in Stealth
 74265 | Vaults:3 | Found Sanlam's Jewellery Shop.
 74274 | Vaults:3 | Bought an amulet of magic regeneration for 480 gold pieces
 75041 | Vaults:4 | Reached skill level 13 in Necromancy
 75403 | Vaults:4 | Noticed Boris
 75411 | Vaults:4 | Killed Boris
 75917 | Vaults:3 | Bought a ring of protection from fire for 400 gold pieces
 76056 | D:15     | Entered Level 15 of the Dungeon
 76067 | D:15     | Reached skill level 14 in Necromancy
 77061 | D:13     | Noticed Azrael
 77068 | D:13     | Killed Azrael
 77451 | D:9      | Killed Gastronok
 77835 | D:9      | Found an opulent altar of Gozag.
 77835 | D:9      | Found a sacrificial altar of Ru.
 77837 | D:9      | Found a basalt altar of Yredelemnul.
 77846 | D:9      | Found a blossoming altar of Fedhas.
 78095 | D:10     | Killed Urug
 78463 | D:12     | Killed Riblid's ghost
 79071 | Lair:4   | Killed Kirke
 79484 | Spider:1 | Killed Airmonger's ghost
 79832 | Orc:2    | Killed iguanaiguana's ghost
 79833 | Orc:2    | Reached XP level 24. HP: 246/246 MP: 24/41
 79834 | Orc:2    | Killed OTABOTABOTAB's ghost
 79994 | Elf:1    | Reached skill level 15 in Necromancy
 80093 | Orc:2    | Bought a scroll of immolation for 124 gold pieces
 80093 | Orc:2    | Bought a scroll of immolation for 124 gold pieces
 80093 | Orc:2    | Bought 2 potions of curing for 186 gold pieces
 80892 | D:15     | Identified the +3 leather armour of the Rambutan {Dex+3}
 81172 | D:15     | Found a staircase to the Depths.
 81516 | Depths:1 | Entered Level 1 of the Depths
 81636 | Depths:1 | Reached skill level 16 in Necromancy
 81669 | Depths:1 | Found a gateway to Hell.
 82266 | Depths:1 | Found a glowing golden altar of the Shining One.
 82408 | Depths:2 | Noticed Boris
 82417 | Depths:2 | Killed Boris
 82418 | Depths:2 | Reached skill level 17 in Necromancy
 83018 | Depths:2 | Reached skill level 18 in Necromancy
 83111 | Depths:2 | Learned a level 8 spell: Infestation
 83401 | Depths:2 | Found a stormy altar of Qazlal.
 83735 | Depths:2 | Found a one-way gate leading to the halls of Pandemonium.
 84151 | Depths:3 | Found Wahitzil's General Store.
 84151 | Depths:3 | Noticed Vv
 84157 | Depths:3 | Killed Vv
 84211 | Depths:3 | Found Uraabb's Antique Armour Emporium.
 84217 | Depths:3 | Bought a smoking scale mail for 414 gold pieces
 84217 | Depths:3 | Identified the +4 scale mail "Nozar" {Drain rElec Dex+2}
                  | (You bought it in a shop on level 3 of the Depths)
 84297 | Depths:3 | Reached skill level 19 in Necromancy
 84732 | Depths:3 | Reached XP level 25. HP: 241/260 MP: 6/42
 85554 | Depths:3 | Reached skill level 20 in Necromancy
 85700 | Depths:4 | Entered Level 4 of the Depths
 85700 | Depths:4 | Found a one-way gateway to a ziggurat.
 85846 | Depths:4 | Noticed a juggernaut
 85859 | Depths:4 | Killed a juggernaut
 86129 | Depths:4 | Reached skill level 21 in Necromancy
 86143 | Depths:4 | Found a one-way gate to the infinite horrors of the Abyss.
 86814 | Depths:4 | Found a gate to the Realm of Zot.
 87276 | Slime:1  | Entered Level 1 of the Pits of Slime
 87947 | Slime:3  | Noticed Dissolution
 87952 | Slime:3  | Killed Dissolution
 87953 | Slime:3  | Reached skill level 10 in Spellcasting
 88536 | Slime:5  | Entered Level 5 of the Pits of Slime
 89308 | Slime:5  | Noticed the Royal Jelly
 89313 | Slime:5  | Killed the Royal Jelly
 89502 | Slime:5  | Identified the +5 arbalest of Alaos {heavy, rF+}
 89503 | Slime:5  | Identified Vaazeel's Secrets of Nephomancy
 89503 | Slime:5  | Identified the +7 mace "Isym Ceth" {freeze, Str+4}
 89503 | Slime:5  | Identified the +10 plate armour of Beyond {Str+3}
 89504 | Slime:5  | Identified the +5 quarterstaff "Haumij" {drain, Dex+2}
 89505 | Slime:5  | Identified the +1 leather armour "Zairiuz" {rC+}
 89520 | Slime:5  | Identified the +3 scale mail of the Depths {rPois Regen+
                  | Dex-5}
 89529 | Slime:5  | Got a slimy rune of Zot
 89539 | Slime:5  | Identified the +5 chain mail "Rizag" {Contam Dex+5}
 89564 | Slime:5  | Identified the +0 robe of Foronal {rC+ rN+ rCorr Int-4}
 89789 | Slime:5  | Learned a level 3 spell: Swiftness
 90290 | Zot:1    | Entered Level 1 of the Realm of Zot
 90324 | Zot:1    | Reached skill level 22 in Necromancy
 90349 | Zot:1    | Reached skill level 1 in Air Magic
 90538 | Zot:1    | Reached XP level 26. HP: 262/262 MP: 18/42
 92423 | Zot:2    | Identified the +5 hand axe "Koqyip" {freeze, rPois}
 93284 | Zot:3    | Learned a level 9 spell: Death's Door
 93795 | Zot:3    | Identified the ring "Joato" {Int+3 SInv}
 93956 | Zot:3    | Noticed an orb of fire
 93960 | Zot:3    | Gained mutation: You sometimes lose your temper in combat.
                  | [an orb of fire]
 93964 | Zot:3    | Killed an orb of fire
 93965 | Zot:3    | Lost mutation: You sometimes lose your temper in combat.
                  | [potion of mutation]
 93965 | Zot:3    | Gained mutation: You have a pair of small horns on your
                  | head. [potion of mutation]
 93965 | Zot:3    | Gained mutation: You have a pair of horns on your head.
                  | [potion of mutation]
 94480 | Zot:2    | Reached skill level 23 in Necromancy
 95342 | Zot:3    | Reached XP level 27. HP: 178/267 MP: 29/43
 96309 | Zot:4    | Reached skill level 10 in Armour
 96815 | Zot:5    | Entered Level 5 of the Realm of Zot
 97301 | Zot:5    | Noticed an orb of fire
 97309 | Zot:5    | Killed an orb of fire
 97309 | Zot:5    | Noticed a dread lich
 97313 | Zot:5    | Killed a dread lich
 97364 | Zot:5    | Noticed an orb of fire
 97369 | Zot:5    | Gained mutation: You are vulnerable to heat. (rF-) [an orb
                  | of fire]
 97371 | Zot:5    | Killed an orb of fire
 97399 | Zot:5    | Lost mutation: You have a pair of horns on your head.
                  | [potion of mutation]
 97399 | Zot:5    | Lost mutation: You have a pair of small horns on your head.
                  | [potion of mutation]
 97399 | Zot:5    | Gained mutation: Your spells are a little easier to cast,
                  | but a little less powerful. [potion of mutation]
 97399 | Zot:5    | Gained mutation: You have a pair of small horns on your
                  | head. [potion of mutation]
 97400 | Zot:5    | Lost mutation: You are vulnerable to heat. (rF-) [potion of
                  | mutation]
 97400 | Zot:5    | Lost mutation: You have a pair of small horns on your head.
                  | [potion of mutation]
 97400 | Zot:5    | Lost mutation: Your spells are a little easier to cast, but
                  | a little less powerful. [potion of mutation]
 97400 | Zot:5    | Gained mutation: Your flesh is heat resistant. (rF+)
                  | [potion of mutation]
 97400 | Zot:5    | Gained mutation: You are dopey. (Int -2) [potion of
                  | mutation]
 97400 | Zot:5    | Gained mutation: You are strong-willed. (Will+) [potion of
                  | mutation]
 97533 | Zot:5    | Noticed an ancient lich
 97544 | Zot:5    | Killed an ancient lich
 97650 | Zot:5    | Noticed an ancient lich
 97657 | Zot:5    | Killed an ancient lich
 97812 | Zot:5    | Noticed an orb of fire
 97815 | Zot:5    | Gained mutation: Your body sometimes deteriorates upon
                  | taking damage. [an orb of fire]
 97817 | Zot:5    | Gained mutation: You sometimes lose your temper in combat.
                  | [an orb of fire]
 97819 | Zot:5    | Killed an orb of fire
 97820 | Zot:5    | Reached skill level 15 in Evocations
 97947 | Zot:5    | Paralysed by a Zot trap for 4 turns
 98001 | Zot:5    | Noticed an ancient lich
 98006 | Zot:5    | Noticed a dread lich
 98008 | Zot:5    | Killed an ancient lich
 98012 | Zot:5    | Killed a dread lich
 98171 | Zot:5    | Noticed an ancient lich
 98287 | Zot:5    | Killed an ancient lich
 98512 | Zot:5    | Got the Orb of Zot
 98607 | Zot:4    | Learned a level 8 spell: Necromutation
 98725 | Depths:4 | Noticed Cuojunuf the pandemonium lord
 98732 | Depths:4 | Killed Cuojunuf the pandemonium lord
 99139 | D:8      | Noticed Kafirego the pandemonium lord
 99151 | D:8      | Killed Kafirego the pandemonium lord
 99284 | D:$      | Escaped with the Orb!

Illustrated notes

Levels and vault maps discovered:
D:1:      spicycebolla_green_bress_n_ham_2, layout_loops_ring, minivault_24,
          minmay_misc_feat_more_columns, minmay_pentomino_z2
D:2:      layout_rooms, hangedman_decor_growths, uniq_terence, uniq_natasha
D:3:      layout_basic, bloody_makhleb, mainiacjoe_overflow_brackets,
          chequers_garden, uniq_robin
D:4:      layout_loops_corners, mainiacjoe_overflow_small_starburst,
          overflow_temple_1_default, minmay_temple_entry_hall,
          lightli_corner_chamber
D:5:      kennysheep_spiral_hall, layout_basic, slow_altar_2,
          nicolae_uskayaw_en_pointe, mainiacjoe_overflow_24_doors,
          chequers_hall_statues_y, minivault_4
D:6:      layout_rooms, minmay_misc_feat_doors, kennysheep_decorative_pillar,
          hangedman_decor_riveting, uniq_grinder, uniq_prince_ribbit1,
          uniq_menkaure, uniq_blork_the_orc
D:7:      layout_rooms, beargit_hepliaklqana_dungeon_heroes
D:8:      layout_gridville, nemelex_diamond_rough_becter, dpeg_oklobed_lair,
          uniq_grum, uniq_maurice, uniq_pikel
D:9:      layout_stronghold, nicolae_overflow_quartered_altars, uniq_harold,
          uniq_gastronok, uniq_maggie
D:10:     layout_roguey, fiery_altar_vehumet, kennysheep_vampire_church,
          mainiacjoe_overflow_paths, uniq_urug
D:11:     gammafunk_the_bubble [the_bubble_gammafunk_roulette], layout_rooms,
          kennysheep_diamond, minmay_radiant
D:12:     layout_basic, zombieorc1_lemuel, ebering_ghost_funeral_grove
D:13:     layout_irregular_city, david_vaults_3,
          nicolae_elyvilon_peaceful_grove, uniq_erolcha, uniq_azrael
D:14:     layout_stronghold, minmay_fountain_box, minmay_quadrilaterals
D:15:     grunt_enter_depths_snipers, layout_gridville, minmay_the_grid_2x2
          [minmay_the_grid_zigzag_pyramid, minmay_the_grid_fan,
          minmay_the_grid_small_cups, minmay_the_grid_prize_four_corners]
Temple:   hellmonk_temple_beads
Lair:1:   layout_chaotic_city
Lair:2:   layout_cave_pods, basic_altar, grunt_forest_small_clearing_treed,
          grunt_megastairs_1
Lair:3:   layout_big_grid, minmay_shoals_entry_lonely_mermaid,
          nicolae_spider_entry_orb_guardian, ice2_lemuel, uniq_amaemon
Lair:4:   layout_regular_city, uniq_kirke
Lair:5:   grunt_lair_end_beastmaster, layout_hall_layers,
          minmay_slime_entry_jelly_boxes
Shoals:1: layout_shoals, centaur_isle
Shoals:2: layout_shoals, uniq_ilsuiw
Shoals:3: layout_shoals, nicolae_shoals_drake_roost
Shoals:4: shoals_end_hangedman, layout_shoals
Spider:1: layout_spider_delve, ebering_ghost_inner_flame
Spider:2: layout_spider_delve, portal_ice_cave_entry_pillars_1,
          einodemon_crawler_minivault, uniq_arachne
Spider:3: layout_spider_delve, uniq_agnes, uniq_asterion
Spider:4: hellmonk_spider_rune_bug_friends, gammafunk_ghost_necromancy,
          uniq_donald, uniq_louise
Slime:1:  layout_caves
Slime:2:  layout_caves
Slime:3:  layout_caves, uniq_dissolution
Slime:4:  layout_caves
Slime:5
Orc:1:    dreamdust_wu_jian_sword_trials, layout_diamond_mine, serial_shops,
          nicolae_shop_bloodbath_and_beyond
Orc:2:    st_orc_ogre_mass, layout_diamond_mine, gammafunk_ghost_cemetery,
          kennysheep_orc_chapel
Elf:1:    minmay_shoctagon, layout_loops_cross, serial_shops,
          nicolae_shop_statue_plus, orc_legates
Elf:2:    elven_hall_of_blades_hangedman_original [nicolae_blade_tridents],
          layout_geoelf_grid, lightli_enter_wizlab_magi_temple, serial_shops,
          nicolae_square_shop, moated_statue, uniq_jorgrun
Elf:3:    minmay_elf_hall_hex, layout_gridlike, serial_shops,
          nicolae_shop_behind_doors, hangedman_elf_disciples, grunt_megastairs_4
Vaults:1: vaults_dpeg_spiral, hangedman_vaults_maws,
          nicolae_vaults_know_your_exits, grunt_vaults_hallway_long,
          hangedman_vaults_capsules, ontoclasm_vaults_idyll, vaults_dpeg_hooks,
          v_alt_pattern_6, v_misc_8, layout_vaults_quadrants, serial_shops,
          shop, uniq_zenata
Vaults:2: vaults_room_ringed_pool, v_misc_25, ontoclasm_vaults_gateway,
          nicolae_vaults_network_square, minmay_crypt_entry_simple_sparse,
          v_alt_pattern_6, nicolae_vaults_what_the_h, v_misc_2,
          vaults_room_large_hall, v_misc_28, ontoclasm_vaults_hangar,
          nicolae_vaults_mini_display_case, layout_vaults_ring, serial_shops,
          nicolae_lakefront_shop
Vaults:3: vaults_room_hallway, grunt_vaults_hallway_short, v_alt_pattern_1,
          vaults_mumra_chevron_long, hangedman_vaults_impose, v_misc_26,
          vaults_mumra_minichess, nicolae_vaults_big_ls, v_misc_12,
          vaults_mumra_hexcomb, nicolae_vaults_network_star,
          vaults_room_glass_cross, vaults_dpeg_emergency_exit,
          hangedman_vaults_corner_blocks, nicolae_vaults_shelves_hall,
          layout_vaults_maze, serial_shops, shop
Vaults:4: v_misc_18, vaults_room_fours, v_misc_30, v_misc_11,
          nicolae_vaults_little_squares_6, nicolae_vaults_little_squares_6,
          hangedman_vaults_maws, vaults_room_stairs_pillars,
          ontoclasm_vaults_twist, layout_vaults_big_cross, uniq_boris
Depths:1: minmay_tri_box, layout_cave_pools, pf_hell_entry_tar_spiral,
          chequers_serial_rivers_micro_b, nrook_campfire, tso_metal_star
Depths:2: kennysheep_six_static_rooms, layout_basic,
          grunt_hell_entry_demonic_statue, grunt_pan_entry_zigzag,
          nicolae_qazlal_scattered_showers, infiniplex_staircase_zigzag_4,
          serial_bayou_shore_a
Depths:3: lemuel_flame_loot_2, layout_gridville, rand_demon_pan_entry_8,
          hell_entry, marbit_kobold_abyss_entry,
          infiniplex_staircase_hallway_doors, minmay_shoptagon, uniq_vv
Depths:4: grunt_zot_entry_hairpin, layout_cave_pools, enter_ziggurat_d,
          nicolae_abyss_entry_one_way_or_another,
          chequers_serial_rivers_small_a, rand_demon_pan_entry_5, hell_entry,
          uniq_grunn
Zot:1:    layout_misc_corridors, grunt_megastairs_5
Zot:2:    layout_onion_interference
Zot:3:    lemuel_halls_of_wrath, layout_gridville
Zot:4:    layout_misc_corridors, hangedman_zot_decor_unnerving_road,
          skrybe_zot_glass_2
Zot:5:    layout_misc_corridors

Skill      XL: |  1  2  3  4  5  6  7  8  9 10 11 12 13 14 15 16 17 18 19 20 21 22 23 24 25 26 27 |
---------------+----------------------------------------------------------------------------------+-----
Stealth        | 4 5 8 10 12 13 16 | 16.7
Earth Magic    | 4 5 6 7 8 9 11 12 13 | 13.6
Conjurations   | 1 3 4 5 6 8 9 10 12 | 12.1
Transmutations | 2 4 5 6 7 8 9 |  9.6
Spellcasting   | 3 4 6 7 8 9 10 12 14 | 14.9
Short Blades   | 2 5 6 8 9 10 | 10.0
Fighting       | 3 5 6 8 11 12 15 16 | 16.0
Necromancy     | 1 5 6 8 9 10 11 14 19 22 23 | 23.3
Evocations     | 5 7 8 10 11 13 16 | 16.3
Dodging        | 3 4 5 |  5.2
Armour         | 3 4 6 7 8 9 11 | 11.0
Ice Magic      | 2 3 |  3.9
Poison Magic   | 5 8 |  8.6
Shields        | 3 6 8 11 | 11.8
Summonings     | 3 11 | 11.4
Air Magic      | 1 |  1.1

Action                     |  1- 3 |  4- 6 |  7- 9 | 10-12 | 13-15 | 16-18 | 19-21 | 22-24 | 25-27 || total
---------------------------+-------+-------+-------+-------+-------+-------+-------+-------+-------++-------
  Melee: Unarmed           |     1 |       |       |       |       |       |       |       |       ||     1
         Dagger            |     6 |       |    46 |   139 |   443 |   559 |   383 |   422 |   329 ||  2327
         Short sword       |       |    13 |       |    11 |       |       |       |       |       ||    24
         Punch             |       |       |       |     2 |     5 |       |       |       |       ||     7
         Constrict         |       |       |       |       |    63 |    85 |    44 |    53 |    30 ||   275
         Headbutt          |       |       |       |       |       |       |       |       |    40 ||    40
  Throw: Dart              |       |       |       |       |       |     1 |       |       |       ||     1
   Cast: Sandblast         |    51 |    91 |   185 |   121 |       |       |       |       |       ||   448
         Stone Arrow       |       |     4 |    18 |   148 |   444 |   142 |     2 |       |       ||   758
         Petrify           |       |       |     4 |     2 |       |       |       |       |       ||     6
         Wereblood         |       |       |     1 |     1 |     1 |     3 |       |     2 |       ||     8
         Ozocubu's Armour  |       |       |       |     1 |       |     6 |       |     5 |     4 ||    16
         Passwall          |       |       |       |     3 |    11 |     6 |     9 |    14 |    14 ||    57
         Borgnjor's Vile C |       |       |       |     1 |   107 |   171 |    47 |    73 |    45 ||   444
         Olgreb's Toxic Ra |       |       |       |       |     3 |    87 |       |     4 |       ||    94
         Iron Shot         |       |       |       |       |     1 |   231 |   103 |   372 |   378 ||  1085
         Lee's Rapid Decon |       |       |       |       |       |    13 |    57 |    25 |     3 ||    98
         Irradiate         |       |       |       |       |       |     3 |       |     3 |    13 ||    19
         Death Channel     |       |       |       |       |       |     2 |       |    29 |    31 ||    62
         Spellforged Servi |       |       |       |       |       |       |       |    70 |    77 ||   147
         Infestation       |       |       |       |       |       |       |       |     1 |    34 ||    35
         Death's Door      |       |       |       |       |       |       |       |       |     1 ||     1
         Necromutation     |       |       |       |       |       |       |       |       |     2 ||     2
         Swiftness         |       |       |       |       |       |       |       |       |     2 ||     2
 Invoke: Curse Item        |       |       |     2 |     5 |     3 |     3 |       |     4 |     1 ||    18
         Shatter the Chain |       |       |       |     1 |     1 |     2 |     1 |     2 |     3 ||    10
Ability: Spit Poison       |     1 |     1 |     7 |     3 |     1 |       |       |       |       ||    13
  Evoke: Wand              |       |       |    11 |     2 |     5 |     5 |     3 |     2 |     4 ||    32
         Box of beasts     |       |       |       |       |     1 |     3 |     1 |     1 |     3 ||     9
         Phial of floods   |       |       |       |       |       |     2 |       |       |       ||     2
         Condenser vane    |       |       |       |       |       |       |       |       |     6 ||     6
         Phantom mirror    |       |       |       |       |       |       |       |       |     1 ||     1
         Tin of tremorston |       |       |       |       |       |       |       |       |     6 ||     6
    Use: Potion            |     1 |     1 |     1 |       |     3 |       |     2 |       |    28 ||    36
         Scroll            |       |     6 |     3 |       |     5 |     3 |     3 |     1 |     9 ||    30
   Stab: Paralysed         |       |       |     2 |       |       |       |       |       |       ||     2
         Sleeping          |       |       |       |    11 |    29 |    21 |    11 |    59 |    30 ||   161
         Petrified         |       |       |       |     1 |     2 |       |       |       |       ||     3
         Distracted        |       |       |       |       |       |     4 |     2 |     9 |    16 ||    31
 Armour: Robe              |     4 |    17 |    65 |       |       |       |       |       |       ||    86
         Ring mail         |       |       |    13 |   153 |   381 |    92 |       |       |       ||   639
         Animal skin       |       |       |       |       |       |   459 |   127 |   306 |   387 ||  1279
  Dodge: Dodged            |    13 |    26 |    79 |   124 |   251 |   241 |    50 |   167 |   236 ||  1187
  Block: Kite shield       |       |       |       |       |    89 |   414 |    92 |   285 |   102 ||   982
         Reflection        |       |       |       |       |       |     3 |     9 |    38 |     2 ||    52
         Buckler           |       |       |       |       |       |       |       |       |   113 ||   113

Table legend: (Time is in decaauts)
 A = Elapsed time spent in this place.
 B = Non-inter-level travel time spent in this place.
 C = Inter-level travel time spent in this place.
 D = Time resting spent in this place.
 E = Time spent auto-exploring this place.
 F = Levels seen in this place.
 G = Mean time per level.
                   A        B        C        D        E       F      G
               +--------+--------+--------+--------+--------+-----+--------+
         Total | 110389 | 100975 |   9414 |  39525 |  43814 |  54 | 2044.2 |
       Dungeon |  29153 |  25761 |   3392 |   6907 |  15190 |  15 | 1943.5 |
        Temple |    249 |    170 |     79 |      0 |    157 |   1 |  249.0 |
          Lair |  17462 |  15720 |   1742 |   6846 |   6663 |   5 | 3492.4 |
        Shoals |   7958 |   7660 |    298 |   3307 |   3080 |   4 | 1989.5 |
   Spider Nest |   9005 |   8461 |    544 |   4535 |   2406 |   4 | 2251.2 |
    Slime Pits |   2172 |   1921 |    251 |    256 |   1054 |   5 |  434.4 |
  Orcish Mines |   4602 |   4032 |    570 |   2211 |   1122 |   2 | 2301.0 |
   Elven Halls |  10926 |  10143 |    783 |   5632 |   2675 |   3 | 3642.0 |
        Vaults |   9175 |   8816 |    359 |   2634 |   4916 |   4 | 2293.8 |
        Depths |   7493 |   6506 |    987 |   1685 |   3214 |   4 | 1873.2 |
           Zot |   8034 |   7628 |    406 |   2985 |   2543 |   5 | 1606.8 |
      Ice Cave |   3203 |   3203 |      0 |   1983 |    692 |   1 | 3203.0 |
        Wizlab |    952 |    952 |      0 |    541 |     97 |   1 |  952.0 |
               +--------+--------+--------+--------+--------+-----+--------+

Top non-repeatable levels by time:
  Lair:5: 5707 daAuts
   Elf:3: 5574 daAuts
   Elf:1: 3973 daAuts
  Lair:3: 3445 daAuts
  Lair:4: 3337 daAuts
   IceCv: 3203 daAuts
     D:9: 3094 daAuts
    D:13: 3007 daAuts
Spider:4: 2986 daAuts
Vaults:1: 2684 daAuts
Vaults:2: 2645 daAuts
Shoals:4: 2616 daAuts
   Zot:3: 2605 daAuts
     D:5: 2592 daAuts
    D:12: 2559 daAuts
